cohdb
Replays
Latest Replays
All Replays
Popular Replays
Top Player Replays
Match Explorer
How It Works
Community
CoH3 Stats
Reddit
Sign in to upload your games and track your stats! →
Sign in with Steam
Match 46242715
Unlisted
Match 46242715
Overview
Messages
Build Orders
End
Construct Barracks
Selects Special Operations Battlegroup
Selects M29 Weasel Recon Vehicle
M29 Weasel Recon Vehicle
Riflemen Squad
Riflemen Squad
Construct Weapon Support Center
Bazooka Squad
Infantry Support Center
Construct Medical Station
Riflemen Squad
Selects Raiding Flares
Advanced Logistics
Grenade Package
Selects SSF Commando Squad
M1918 Browning Automatic Rifles
SSF Commando Squad
Improved M9 Bazooka Rockets
Engineer Squad
Construct Tank Depot
Selects Air Re-supply Operation
Air Re-Supply Operation
Selects Mark Vehicle
Selects UNKNOWN (2162291)
M4A1 Sherman Whizbang
Survival Training
Mark Vehicle
DebaKLeTV
Hareun
Andrax
7k this year for sure
0
0
Comments
sign in to comment!
No comments posted yet!